 Dungeon Crawl Stone Soup version 0.23.2-1-ga50397a (webtiles) character file.

Game seed: 10520159028380902587

788 ohad the Changer (level 7, -1/67 HPs)
             Began as an Octopode Transmuter on May 19, 2019.
             Slain by an ice beast (11 damage)
             ... on level 5 of the Dungeon.
             The game lasted 00:14:05 (5857 turns).

ohad the Changer (Octopode Transmuter)              Turns: 5857, Time: 00:14:05

Health: -1/67      AC: 23    Str:  9    XL:     7   Next: 87%
Magic:  12/12      EV:  2    Int: 18    God:
Gold:   369        SH:  0    Dex: 12    Spells: 1/13 levels left

rFire    . . .     SeeInvis .     - Unarmed
rCold    . . .     Gourm    .   (no shield)
rNeg     + + +     Faith    .   (helmet currently unavailable)
rPois    +         Spirit   .   (no amulet)
rElec    .         Reflect  .   q - ring of positive energy
rCorr    .         Harm     .   s - +4 ring of evasion
MR       .....     NoTele   +   (no ring)
Stlth    +.........             (no ring)
HPRegen  0.21/turn              (no ring)
MPRegen  0.13/turn              (no ring)
                                (no ring)
                                (no ring)

@: tree-form (expiring)
A: almost no armour, stealthy swim, (amphibious), 8 rings, (constrict 8)
a: no special abilities


You were on level 5 of the Dungeon.
You were hungry.
You were a tree.
You visited 1 branch of the dungeon, and saw 5 of its levels.

You collected 369 gold pieces.

Inventory:

Hand Weapons
 h - a +0 dagger of venom
 m - a +0 blowgun
 t - a +2 dagger of venom
 w - a +0 glaive of venom
Missiles
 a - 66 arrows
 l - 39 poisoned needles
 r - 7 curare-tipped needles
Jewellery
 q - a ring of positive energy (left branch)
 s - a +4 ring of evasion (right branch)
Scrolls
 b - 4 scrolls of immolation
 e - a scroll of remove curse
 f - a scroll of magic mapping
 g - 3 scrolls of fog
 j - a scroll of teleportation {unknown}
 o - a scroll of fear {unknown}
 p - a scroll of amnesia {unknown}
 v - a scroll of blinking
 x - a scroll of identify
Potions
 d - 4 potions of curing
 i - 3 potions of degeneration
 k - 3 potions of mutation
 u - a potion of flight
 A - a potion of magic
Comestibles
 n - 5 rations


   Skills:
 - Level 2.2 Fighting
 - Level 2.6 Dodging
 - Level 4.3 Unarmed Combat
 - Level 3.5 Spellcasting
 + Level 5.8 Transmutations
 - Level 3.2 Ice Magic


You had one spell level left.
You knew the following spells:

 Your Spells              Type           Power        Failure   Level  Hunger
a - Beastly Appendage     Tmut           ###...       1%          1    None
b - Ice Form              Ice/Tmut       ###.....     24%         4    ####...
c - Sticks to Snakes      Tmut           ###.....     2%          2    ##.....
d - Blade Hands           Tmut           ###.......   36%         5    ######.

Your spell library contained the following spells:

 Spells                   Type           Power        Failure   Level  Hunger
 Spider Form              Tmut/Pois      ##........   14%         3    ###....


Dungeon Overview and Level Annotations

Branches:
Dungeon (5/15)             Temple (0/1) D:5

Altars:
Ashenzari
Nemelex Xobeh
Ru
Sif Muna
Zin

Annotations:
D:3 Robin
D:4 1 runed translucent door, Curus's ghost, novice HOFi


Innate Abilities, Weirdness & Mutations

You cannot wear most types of armour.
You are very stealthy in the water. (Stealth+)
((You are amphibious.))
You can wear up to eight rings at the same time.
((You can use your tentacles to constrict eight enemies at once.))
((Your skin changes colour to match your surroundings (Stealth+).))
((Your rubbery body absorbs attacks. (AC +1, EV +1)))


Message History

Your transformation is almost over.
The ice beast hits you but does no damage.
You hit the ice beast. You punch the ice beast.
The ice beast is heavily wounded.
You hit the ice beast but do no damage.
The ice beast is heavily wounded.
The ice beast hits you but does no damage.
You hit the ice beast but do no damage.
The ice beast is heavily wounded.
The ice beast hits you but does no damage.
You hit the ice beast.
The ice beast is severely wounded.
The ice beast hits you. The ice beast freezes you!
* * * LOW HITPOINT WARNING * * *
You hit the ice beast but do no damage.
The ice beast is severely wounded.
The ice beast hits you.
* * * LOW HITPOINT WARNING * * *
The ice beast freezes you!
You die...

*,*,,,........####...,,,,,*****,,
*,,,,>..(........o...,,,,,,,,,,,,
****,,...........o.,,,,,,,,,,,,,,
*,,............,,,,,,,,,,,,,,,
*,,.........o#**************,,
*,,.........)# *** *,,.......§oo#
##### ***,,........#####...###
*<,,,.......soY♣.......#
*****,..(.....#####...#.######
,,,,,,.......%...............#
******##########.............#
#.............# #.#.........###
#.#.#.......# #...#.......####
*..............#


You could see an ice beast, an orc and a giant cockroach.

Vanquished Creatures
  An orc warrior (D:4)
  A centaur (D:5)
  A centaur zombie (D:5)
  A crimson imp (D:5)
  4 orc wizards
  2 hounds
  2 orc priests (D:5)
  2 worker ants
  A hound skeleton (D:5)
  8 gnolls
  6 adders
  2 worms
  2 dart slugs
  2 leopard geckos
  8 orcs
  2 ball pythons
  3 bats
  2 giant cockroaches (D:3)
  16 goblins
  8 hobgoblins
  11 jackals
  8 kobolds
  3 quokkas
  9 frilled lizards
  3 rats
108 creatures vanquished.

Notes
Turn   | Place    | Note
-------+----------+-------------------------------------------
     0 | D:1      | ohad the Octopode Transmuter began the quest for the Orb.
     0 | D:1      | Reached XP level 1. HP: 13/13 MP: 3/3
   296 | D:1      | Reached XP level 2. HP: 17/18 MP: 3/5
  1104 | D:1      | Reached XP level 3. HP: 21/24 MP: 3/6
  1598 | D:2      | Found a deep blue altar of Sif Muna.
  1686 | D:2      | Found a sacrificial altar of Ru.
  1692 | D:2      | Reached XP level 4. HP: 27/29 MP: 5/7
  2002 | D:2      | Learned a level 4 spell: Ice Form
  2037 | D:3      | Found a sparkling altar of Nemelex Xobeh.
  2037 | D:3      | Found a shattered altar of Ashenzari.
  2384 | D:3      | Reached skill level 1 in Ice Magic
  2744 | D:3      | Reached XP level 5. HP: 34/34 MP: 6/8
  3598 | D:3      | Noticed Robin
  4154 | D:4      | Found a runed translucent door.
  4155 | D:4      | Noticed Curus's ghost (novice HOFi)
  4265 | D:4      | Noticed an orc warrior
  4386 | D:4      | Reached skill level 3 in Transmutations
  4399 | D:4      | Reached XP level 6. HP: 36/39 MP: 7/9
  4867 | D:4      | Killed an orc warrior
  4867 | D:4      | Reached skill level 4 in Transmutations
  5133 | D:5      | Entered Level 5 of the Dungeon
  5181 | D:5      | Reached XP level 7. HP: 39/45 MP: 12/12
  5370 | D:5      | Found a glowing silver altar of Zin.
  5639 | D:5      | Learned a level 2 spell: Sticks to Snakes
  5645 | D:5      | Learned a level 5 spell: Blade Hands
  5817 | D:5      | Reached skill level 5 in Transmutations
  5857 | D:5      | Slain by an ice beast

Skill      XL: |  1  2  3  4  5  6  7 |
---------------+----------------------+-----
Fighting       | 2 |  2.2
Unarmed Combat | 4 |  4.3
Ice Magic      | 2 3 |  3.2
Transmutations | 3 4 5 |  5.8
Spellcasting   | 3 |  3.5
Dodging        | |  2.6

Action                   |  1- 3 |  4- 6 |  7- 9 || total
-------------------------+-------+-------+-------++-------
Melee: Unarmed           |    67 |   158 |    74 ||   299
       Kick              |    12 |    11 |     4 ||    27
       Constrict         |    16 |    40 |     3 ||    59
       Tentacles         |     9 |    25 |     3 ||    37
       Punch             |     2 |     3 |     1 ||     6
 Cast: Beastly Appendage |    11 |    15 |     2 ||    28
       Ice Form          |       |     2 |     3 ||     5
  Use: Scroll            |       |     7 |     3 ||    10
       Potion            |       |     1 |     2 ||     3
 Stab: Sleeping          |       |     5 |       ||     5
       Distracted        |       |     1 |       ||     1
       Paralysed         |       |     1 |       ||     1
  Eat: Ration            |     1 |     1 |       ||     2
       Chunk             |       |     9 |     1 ||    10
Armor: Skin              |     6 |    10 |    27 ||    43
Dodge: Dodged            |    37 |   109 |    44 ||   190
